 Dungeon Crawl Stone Soup version 0.17.1-2-g5865329 (webtiles) character file.

160 JustSomeDude the Insei (level 5, -1/42 HPs)
             Began as a Demonspawn Monk on Jan 10, 2016.
             Slain by an adder (3 damage)
             ... on level 4 of the Dungeon.
             The game lasted 00:03:21 (2072 turns).

JustSomeDude the Insei (Demonspawn Monk)            Turns: 2072, Time: 00:03:21

Health: -1/42      AC:  5    Str: 11    XL:     5   Next: 17%
Magic:  5/5        EV: 11    Int: 12    God:
Gold:   126        SH:  4    Dex: 16    Spells: 0 memorised, 4 levels left

rFire  . . .     SeeInvis .     c - +0 hand axe
rCold  . . .     Clarity  .     e - +0 ring mail
rNeg   . . .     SustAt   .     d - +0 buckler
rPois  .         Gourm    .     (no helmet)
rElec  .         Spirit   .     (no cloak)
rCorr  .         Warding  .     (no gloves)
rMut   .         Stasis   .     (no boots)
MR     .....                    (no amulet)
Stlth  ++........               (no ring)
                                (no ring)

@: not resistant to hostile enchantments, unstealthy
A: talons 1, spiny 1
a: no special abilities


You were on level 4 of the Dungeon.
You were not hungry.

You visited 1 branch of the dungeon, and saw 4 of its levels.

You collected 126 gold pieces.

Inventory:

Hand Weapons
 c - a +0 hand axe (weapon)
Armour
 a - a +0 robe
 d - a +0 buckler (worn)
 e - a +0 ring mail (worn)
Jewellery
 n - an uncursed ring of magical power {unknown}
Scrolls
 g - 2 scrolls of teleportation {unknown}
 i - 4 scrolls of identify {unknown}
 j - a scroll of immolation {unknown}
 k - a scroll of enchant weapon {unknown}
 p - a scroll of magic mapping {unknown}
 q - a scroll of remove curse {unknown}
 r - a scroll of enchant armour {unknown}
Potions
 f - a potion of mutation {unknown}
 h - a potion of heal wounds {unknown}
 o - a potion of lignification {unknown}
 s - a potion of resistance {unknown}
Comestibles
 b - 2 bread rations
 l - 2 slices of pizza
 m - a beef jerky


   Skills:
 + Level 3.8 Fighting
 + Level 0.1 Axes
 + Level 1.3 Armour
 + Level 3.6 Dodging
 + Level 2.5 Stealth
 + Level 0.6 Shields
 + Level 4.0 Unarmed Combat


You had 4 spell levels left.
You didn't know any spells.

Dungeon Overview and Level Annotations

Branches:
Dungeon (4/15)
 Temple: D:4-7

Altars:
Gozag
Nemelex Xobeh


Innate Abilities, Weirdness & Mutations

You have sharp toenails.
You are partially covered in sharp spines.


Message History

You see here an adder corpse.
You see here a worm corpse.
HP restored.
An ogre comes into view. It is wielding a giant club.
Found 30 stones.
An ogre is nearby!
An ogre is nearby!
An ogre is nearby!
An adder comes into view.
The ogre shouts!
The ogre is struck by your spines. The ogre hits you with a giant club!!
Ouch! That really hurt!
Found 20 stones.
Found a stone staircase leading down.
You see here a worm corpse.
The ogre is struck by your spines. The ogre hits you with a giant club!
* * * LOW HITPOINT WARNING * * *
You see here an adder corpse.
The adder bites you.
You die...

............##.#.##.........
...#####.......#............
#..#.................
######............#.......
#.......#####.............
#.....#.#####.#...........
#.........................
#######......##########.........
#...........†OS@..(.....#.#.####
##...........#############...#
....####>....# ##### #####
#.(...# #.....# #.....# #######


You could see an ogre and an adder.

Vanquished Creatures
  A hound (D:4)
  A worker ant (D:4)
  An adder (D:4)
  An ooze (D:2)
  4 worms
  9 orcs (D:3)
  A ball python (D:2)
  10 bats
  2 giant cockroaches
  7 goblins
  8 hobgoblins
  9 jackals
  A quokka (D:3)
  A ball python skeleton (D:4)
  2 giant geckos (D:2)
  2 giant newts (D:2)
  9 kobolds
  4 rats
73 creatures vanquished.

Notes
Turn   | Place    | Note
--------------------------------------------------------------
     0 | D:1      | JustSomeDude the Demonspawn Monk began the quest for the Orb.
     0 | D:1      | Reached XP level 1. HP: 18/18 MP: 1/1
   190 | D:1      | Gained mutation: You are partially covered in sharp spines. [demonic ancestry]
   190 | D:1      | Reached XP level 2. HP: 21/24 MP: 2/2
   798 | D:2      | Reached XP level 3. HP: 27/29 MP: 3/3
   808 | D:2      | Reached skill level 4 in Unarmed Combat
  1476 | D:3      | Found a sparkling altar of Nemelex Xobeh.
  1563 | D:3      | Reached XP level 4. HP: 33/37 MP: 4/4
  1592 | D:3      | Found an opulent altar of Gozag.
  1765 | D:3      | Reached skill level 1 in Armour
  2000 | D:4      | Gained mutation: You have sharp toenails. [demonic ancestry]
  2000 | D:4      | Reached XP level 5. HP: 38/42 MP: 5/5
  2055 | D:4      | Noticed an ogre
  2070 | D:4      | HP: 1/42 [ogre/giant club (14)]
  2072 | D:4      | Slain by an adder

Action                   |  1- 3 |  4- 6 || total
-------------------------+-------+-------++-------
Melee: Hand axe          |    85 |    52 ||   137
       Unarmed           |     5 |       ||     5
 Stab: Sleeping          |       |     2 ||     2
  Eat: Chunk             |     2 |     2 ||     4
